AoeStats
← с упругой

Fortress

510065660Analyzed
4v4 RM · 3d ago on Sep 29, 2026· 37m 59s· 8 players
Game mode
Random Map
Map size
Huge
Population
200
Speed
Normal
Resources
Standard
Victory
Conquest
Starting age
Dark Age
Ending age
Imperial Age
RankedLock teamsTeams togetherTeam positionsShared explorationLock speedFull tech treeHidden civsTurbo modeCheats
Victory
Defeat
🇨🇳 Berbers · China
1834
+2
🇬🇧 Tupi · United Kingdom
1754
+3
🇺🇸 Tatars · United States
1686
+4
🇷🇺 Portuguese · Russia
1544
+6
🇹🇼 Goths · Taiwan
1429
-5
🇹🇷 Mapuche · Türkiye
1358
-4
🇻🇳 Franks · Vietnam
1323
-3
🇮🇳 Malians · India
1307
-3
十大地方
8:03 Feudal Age
9:17 Double-Bit Axe
11:34 Castle Age
9:24 Horse Collar
13:32 Bow Saw
13:30 Heavy Plow
17:53 Wheelbarrow
17:57 Stone Mining
17:54 Loom
19:03 Gold Mining
20:02 Hand Cart
20:56 Hand Cart
23:52 Imperial Age
22:16 Gold Shaft Mining
21:55 Fletching
22:48 Bodkin Arrow
23:51 Padded Archer Armor
23:39 Town Watch
24:03 Scale Barding Armor
25:06 Conscription
25:49 Chemistry
25:24 Ballistics
25:07 Bracer
27:11 Leather Archer Armor
27:52 Elite Camel Archer
28:48 Husbandry
28:58 Bloodlines
30:15 Ring Archer Armor
29:28 Light Cavalry
32:29 Thumb Ring
32:49 Hussar
33:35 Scale Barding Armor
33:40 Forging
35:46 Crop Rotation
37:14 Chain Barding Armor
38:36 Iron Casting
Thundernips, The Ultimate Gigolo
7:14 Feudal Age
10:45 Castle Age
8:36 Double-Bit Axe
9:28 Horse Collar
13:27 Heavy Plow
16:55 Bow Saw
20:02 Wheelbarrow
22:30 Gold Mining
26:34 Imperial Age
24:36 Hand Cart
24:07 Loom
24:20 Stone Mining
24:50 Fletching
26:17 Gold Shaft Mining
25:53 Caravan
26:16 Bodkin Arrow
27:16 Husbandry
27:26 Bloodlines
26:48 Heavy Cavalry Archer
27:13 Light Cavalry
27:19 Pikeman
27:59 Squires
28:10 Scale Mail Armor
28:52 Guilds
29:48 Chemistry
29:31 Crop Rotation
29:19 Forging
29:10 Padded Archer Armor
29:16 Treadmill Crane
29:53 Fortified Wall
29:54 Masonry
29:41 Murder Holes
30:07 Ballistics
29:50 Bracer
29:56 Hussar
31:11 Leather Archer Armor
31:31 Iron Casting
32:46 Ring Archer Armor
33:17 Blast Furnace
33:33 Siege Engineers
33:23 Guard Tower
34:09 Scale Barding Armor
35:11 Timurid Siegecraft
36:25 Chain Barding Armor
36:14 Silk Armor
36:41 Conscription
35:51 Sappers
37:29 Plate Barding Armor
с упругой
9:00 Feudal Age
12:41 Castle Age
10:24 Horse Collar
10:30 Double-Bit Axe
13:48 Wheelbarrow
14:22 Bow Saw
14:15 Heavy Plow
20:46 Hand Cart
24:57 Imperial Age
22:13 Loom
22:43 Gold Mining
23:26 Forging
23:16 Scale Mail Armor
23:03 Arson
23:39 Pikeman
25:14 Iron Casting
24:54 Chain Mail Armor
24:58 Caravan
25:28 Halberdier
25:32 Man-at-Arms
25:57 Gambesons
28:14 Blast Furnace
27:44 Plate Mail Armor
27:07 Fletching
27:30 Long Swordsman
29:28 Chemistry
28:41 Siege Engineers
29:35 Stone Mining
30:47 Two-Man Saw
30:34 Padded Archer Armor
31:20 Ballistics
32:09 Treadmill Crane
33:18 Leather Archer Armor
32:58 Bodkin Arrow
32:29 Elite Organ Gun
33:45 Masonry
33:57 Two-Handed Swordsman
35:17 Coinage
37:46 Arquebus
38:09 Conscription
38:33 Bracer
SNWY4
7:26 Feudal Age
8:00 Feudal Age
8:11 Feudal Age
9:23 Double-Bit Axe
12:19 Castle Age
10:28 Gold Mining
13:30 Bow Saw
17:16 Imperial Age
14:59 Fletching
17:08 Bodkin Arrow
20:27 Loom
25:36 Horse Collar
26:55 Bracer
29:37 Wheelbarrow
33:32 Padded Archer Armor
34:31 Leather Archer Armor
33:45 Elite Skirmisher
36:01 Ballistics
36:36 Ring Archer Armor
b09581270
7:16 Feudal Age
11:08 Castle Age
9:08 Double-Bit Axe
9:18 Horse Collar
11:23 Wheelbarrow
10:48 Loom
11:38 Wheelbarrow
12:17 Bow Saw
17:48 Heavy Plow
19:34 Fervor
20:06 Hand Cart
25:52 Imperial Age
23:35 Town Watch
23:34 Pikeman
24:16 Squires
24:28 Scale Mail Armor
24:40 Forging
24:55 Anarchy
25:39 Chain Mail Armor
27:06 Iron Casting
26:28 Gold Mining
26:28 Stone Mining
27:52 Conscription
27:46 Halberdier
30:03 Blast Furnace
29:42 Perfusion
30:19 Elite Huskarl
33:32 Ballistics
34:12 Chemistry
33:44 Fletching
Chaos Merchant
7:17 Feudal Age
8:04 Double-Bit Axe
11:38 Castle Age
9:58 Horse Collar
13:08 Bow Saw
13:14 Heavy Plow
18:22 Wheelbarrow
19:17 Gold Mining
20:37 Forging
22:41 Iron Casting
23:00 Hand Cart
26:05 Imperial Age
23:23 Loom
24:32 Scale Barding Armor
24:54 Bloodlines
26:32 Chain Barding Armor
26:45 Husbandry
27:06 Farimba
26:34 Heavy Camel Rider
27:45 Masonry
28:36 Plate Barding Armor
28:22 Conscription
29:34 Chemistry
31:24 Light Cavalry
32:36 Cavalier
MemeManVai
7:10 Feudal Age
11:02 Castle Age
9:49 Double-Bit Axe
15:58 Loom
16:48 Wheelbarrow
17:03 Fletching
17:27 Scale Barding Armor
20:02 Husbandry
C42
7:32 Feudal Age
8:31 Horse Collar
8:37 Double-Bit Axe
12:06 Castle Age
13:02 Heavy Plow
13:13 Bow Saw
19:48 Gold Mining
19:49 Stone Mining
21:34 Wheelbarrow
22:42 Hand Cart
22:13 Loom
22:15 Town Watch
24:00 Fletching
24:10 Padded Archer Armor
24:33 Malon
27:56 Imperial Age
27:05 Ballistics
26:42 Bodkin Arrow
27:50 Leather Archer Armor
28:11 Elite Bolas Rider
31:51 Crop Rotation
32:56 Chemistry
33:33 Ring Archer Armor
33:31 Conscription
36:00 Gold Shaft Mining
36:01 Stone Shaft Mining
Connection lost

Rejoining the realm…

Still unreachable

The connection could not be restored.

Session expired

The server has moved on; the page needs a fresh start.